 Dungeon Crawl Stone Soup version 0.18.1-6-gd335043 (webtiles) character file.

11464 oplop the Pandemonic (level 11, -6/103 HPs)
             Began as a Deep Dwarf Fighter on May 19, 2016.
             Was a High Priest of Makhleb.
             Killed from afar by an ice statue (26 damage)
             ... with a bolt of cold
             ... on level 14 of the Dungeon.
             The game lasted 00:31:04 (8581 turns).

oplop the Pandemonic (Deep Dwarf Fighter)           Turns: 8581, Time: 00:31:04

Health: -6/103     AC: 12    Str: 20    XL:     11   Next: 49%
Magic:  16/16      EV: 14    Int:  9    God:    Makhleb [*****.]
Gold:   308        SH: 15    Dex: 15    Spells: 0 memorised, 10 levels left

rFire  . . .     SeeInvis .     P - +4 war axe (flame)
rCold  . . .     Gourm    .     b - +1 scale mail
rNeg   . . .     Faith    .     c - +0 shield
rPois  +         Spirit   .     Q - +0 hat of the Prince {rElec Stlth+}
rElec  +         Dismiss  .     (no cloak)
rCorr  .         Reflect  +     X - +0 pair of gloves
SustAt .         Harm     .     J - +2 pair of boots
MR     +....                    u - +3 amulet of reflection
Stlth  +.........               (no ring)
                                g - ring of poison resistance

@: non-regenerating, somewhat resistant to hostile enchantments, very unstealthy
A: damage resistance, recharge devices, sense surroundings 2, slow regeneration
3
a: Device Recharging, Minor Destruction, Lesser Servant of Makhleb, Major
Destruction, Greater Servant of Makhleb, Renounce Religion


You were on level 14 of the Dungeon.
You worshipped Makhleb.
Makhleb was extremely pleased with you.
You were very hungry.

You visited 1 branch of the dungeon, and saw 14 of its levels.

You collected 733 gold pieces.
You spent 425 gold pieces at shops.

Inventory:

Hand Weapons
 P - a +4 war axe of flaming (weapon)
Missiles
 M - a throwing net (quivered)
Armour
 b - a +1 scale mail (worn)
 c - a +0 shield (worn)
 m - a +2 helmet
 J - a +2 pair of boots (worn)
 Q - the +0 hat of the Prince (worn) {rElec Stlth+}
   (You bought it in a shop on level 8 of the Dungeon)

   It insulates you from electricity.
   It makes you more stealthy.
 T - the +0 helmet of Annevin {Str+4}
   (You bought it in a shop on level 8 of the Dungeon)

   It affects your strength (+4).
 X - a +0 pair of gloves (worn)
Jewellery
 g - a ring of poison resistance (left hand)
 u - a +3 amulet of reflection (around neck)
Wands
 e - a wand of heal wounds (5/9)
 C - a wand of random effects (11/48)
 F - a wand of flame (25/48)
 I - a wand of random effects (25/48)
 N - a wand of iceblast (5/15)
 O - a wand of paralysis (6/24)
 S - a wand of iceblast (4/15)
 W - a wand of lightning (11/15)
 Z - a wand of paralysis (18/24)
Scrolls
 a - a scroll of silence {unknown}
 h - 3 scrolls of teleportation
 i - 2 scrolls of recharging
 k - 5 scrolls of identify
 l - 3 scrolls of enchant weapon
 p - 3 scrolls of amnesia
 y - 2 scrolls of fear {unknown}
 A - 2 scrolls of magic mapping {unknown}
 E - a scroll of blinking {unknown}
 H - 2 scrolls of immolation {unknown}
 K - 2 scrolls of fog {unknown}
 L - 3 scrolls of remove curse
 U - a scroll of random uselessness {unknown}
Potions
 d - 4 potions of might
 j - 2 potions of degeneration
 o - a potion of lignification {unknown}
 q - a potion of ambrosia {unknown}
 s - a potion of flight {unknown}
 t - 2 potions of heal wounds {unknown}
 v - a potion of magic {unknown}
 w - 2 potions of agility {unknown}
 x - 7 potions of curing {unknown}
 z - 2 potions of mutation {unknown}
 D - 4 potions of brilliance {unknown}
 R - 2 potions of cure mutation {unknown}
 V - a potion of haste {unknown}
Books
 G - a book of the Tempests

   Spells                             Type                      Level
   a - Static Discharge               Conjuration/Air              3
   b - Lightning Bolt                 Conjuration/Air              5
   c - Fireball                       Conjuration/Fire             5
   d - Tornado                        Air                          9
   e - Shatter                        Earth                        9
Comestibles
 f - 12 bread rations
 n - 4 meat rations
 r - 6 fruits
 B - 9 slices of pizza


   Skills:
 + Level 7.8 Fighting
 + Level 9.5 Axes
 - Level 4.2 Armour
 + Level 8.8 Dodging
 + Level 10.0 Shields
 + Level 10.0 Invocations


You had 10 spell levels left.
You didn't know any spells.

Dungeon Overview and Level Annotations

Branches:
Dungeon (14/15)            Temple (0/1) D:5            Lair (0/8) D:9
    Orc: D:9-12      Vaults: D:13-14

Altars:
Ashenzari
Elyvilon
Fedhas
Gozag
Makhleb
Ru
Trog
Vehumet
Xom
Yredelemnul
Zin
The Shining One

Shops:
D:8 [   D:9 [

Portals:
Ice
Cave: D:14

Annotations:
D:4 herpmino's ghost, amateur VSGl
D:11 Erolcha
D:14 exclusion: ice statue


Innate Abilities, Weirdness & Mutations

You are resistant to damage.
You can recharge devices by infusing magical energy.
You passively map the area around you.
You do not regenerate naturally.


Message History

There is an open door, spattered with blood here.
Items here: ( ))) ††
There is an open door here.
Found a bread ration.
There is an open door here.
You open the door.
You hear the crackling of a melting archway nearby.
There is an open door here.
You open the door.
Marking area around the ice statue as unsafe for travelling.
An ice statue comes into view.
The ice statue gestures at you. The shard of ice hits you!
* * * LOW HITPOINT WARNING * * *
Found a frozen archway.
Unknown command.
Unknown command.
The ice statue gestures at you. The bolt of cold hits you!
You die...

.'.## #.....# * * .#..##
#.....##.....#
.##..###.....##..∩..#
.###....†.†..##.....# .#
#####†.†..##..8..# ## ###.###
.....# ###.# * .... ## #...#
##'# * .# ###'#######@.# .#
#...........## ##########
.#####..........+.###.........
.'...#..........#...'.........
.###.'..........#####....%....
.# ###.......... #......... *
## #..........* #.........,
#..........* #......... *
######+#### ##'######


You could see an ice statue.

Vanquished Creatures
  A centaur warrior (D:14)
  2 hill giants (D:13)
  A manticore (D:12)
  A gargoyle (D:14)
  2 trolls
  3 slime creatures (D:13)
  A spriggan (D:8)
  7 yaks
  2 hippogriffs
  A hungry ghost (D:12)
  2 mottled dragons
  2 porcupines (D:9)
  An orc warrior (D:10)
  An ice beast (D:14)
  2 sky beasts
  An eye of draining (D:11)
  A necrophage (D:12)
  2 phantoms
  6 ogres
  7 centaurs
  2 crocodiles
  3 giant frogs
  A big kobold (D:10)
  A wyvern zombie (D:10)
  A scorpion (D:10)
  11 killer bees
  4 wights
  An electric eel (D:10)
  7 crimson imps
  5 hounds
  4 jellies
  4 giant frog zombies
  3 orc priests
  A wasp zombie (D:8)
  14 orc wizards
  2 centaur skeletons
  4 iguanas
  Natasha (thrice) (D:3)
  8 worker ants
  A worker ant zombie (D:10)
  8 gnolls
  9 adders
  3 shadow imps
  An ooze (D:1)
  2 adder zombies
  An adder skeleton (D:5)
  3 dart slugs
  4 giant geckos
  35 orcs
  4 bats
  5 giant cockroaches
  10 goblins
  7 hobgoblins
  8 jackals
  11 kobolds
  6 quokkas
  A giant gecko zombie (D:5)
  3 giant newts
  2 quokka skeletons
  10 rats
259 creatures vanquished.

Vanquished Creatures (collateral kills)
  An unseen horror (D:13)
  A slime creature (D:13)
  7 yaks
  An orc warrior (D:9)
  3 killer bees (D:11)
  A hell rat (D:9)
  A quokka (D:9)
15 creatures vanquished.

Vanquished Creatures (others)
  2 centaurs
  An orc wizard (D:3)
  2 kobolds (D:10)
5 creatures vanquished.

Grand Total: 279 creatures vanquished

Notes
Turn   | Place    | Note
--------------------------------------------------------------
     0 | D:1      | oplop the Deep Dwarf Fighter began the quest for the Orb.
     0 | D:1      | Reached XP level 1. HP: 20/20 MP: 1/1
     0 | D:1      | oplop: бля
     0 | D:1      | oplop: кто ермак ирл интересно
     0 | D:1      | oplop: пиздец, играет и играет
   262 | D:1      | Reached XP level 2. HP: 22/27 MP: 2/2
   325 | D:1      | Wingboner: Какая-то не особо напряжная работа вроде моей.
   435 | D:1      | Reached XP level 3. HP: 26/33 MP: 3/3
   436 | D:1      | oplop: а ты чисто переводами зарабатываешь?
   436 | D:1      | oplop: на жизь
   436 | D:1      | Wingboner: В данный момент да.
   853 | D:2      | Reached skill level 1 in Dodging
  1102 | D:2      | Found a bloodstained altar of Trog.
  1150 | D:2      | Found a burning altar of Makhleb.
  1255 | D:2      | Reached XP level 4. HP: 26/42 MP: 4/4
  1313 | D:3      | Noticed Natasha
  1324 | D:3      | Killed Natasha
  1360 | D:3      | oplop: блин
  1360 | D:3      | oplop: с каким богом вообще DD может выиграть не охуевая?
  1360 | D:3      | oplop: махдеб, рю, пукелас
  1360 | D:3      | oplop: ну, для извращенцев еще эливион, да?
  1375 | D:3      | Wingboner: Эля для не особых извращенцев.
  1407 | D:3      | Wingboner: Для более серьёзных — Кику, Юра.
  1409 | D:3      | Wingboner: Для упоротых Ока.
  1409 | D:3      | Wingboner: Трог ещё лёгкий.
  1409 | D:3      | oplop: а с кику и юрой чем лечиться?
  1482 | D:3      | Noticed Natasha
  1486 | D:3      | Wingboner: Вампирик дрейнинг, дрейн лайф.
  1489 | D:3      | Killed Natasha
  1489 | D:3      | Reached XP level 5. HP: 24/49 MP: 5/5
  1490 | D:3      | oplop: мда
  1655 | D:3      | Noticed Natasha
  1671 | D:3      | Killed Natasha
  1917 | D:2      | Became a worshipper of Makhleb the Destroyer
  2045 | D:3      | namelastname112: оплоп
  2053 | D:3      | namelastname112: ты спишь вообще?
  2053 | D:3      | oplop: вообще сплю
  2053 | D:3      | oplop: весь день спал
  2053 | D:3      | namelastname112: сколько у тебя сейчас?
  2053 | D:3      | oplop: 425
  2098 | D:3      | namelastname112: а
  2138 | D:3      | namelastname112: ну мы с тобой в одном поясе
  2147 | D:3      | Reached XP level 6. HP: 47/57 MP: 6/6
  2149 | D:3      | oplop: ну да
  2156 | D:3      | oplop: я прост безработный
  2156 | D:3      | oplop: сижу дома, рассуждаю как все хуево и играю в комплюхтер
  2292 | D:4      | Found an opulent altar of Gozag.
  2602 | D:4      | Found a sacrificial altar of Ru.
  2664 | D:4      | Reached skill level 5 in Shields
  2700 | D:4      | Noticed herpmino's ghost (amateur VSGl)
  2718 | D:5      | Entered Level 5 of the Dungeon
  2855 | D:5      | Found a staircase to the Ecumenical Temple.
  2918 | D:5      | Found a glowing silver altar of Zin.
  2922 | D:5      | Found a white marble altar of Elyvilon.
  2925 | D:5      | Found a glowing golden altar of the Shining One.
  3018 | D:5      | Reached * piety under Makhleb
  3100 | D:5      | Reached skill level 1 in Invocations
  3128 | D:5      | Reached XP level 7. HP: 33/64 MP: 7/7
  3850 | D:6      | oplop: у махлеба хил от пиети зависит?
  3928 | D:6      | Found a basalt altar of Yredelemnul.
  3928 | D:6      | Found a radiant altar of Vehumet.
  4246 | D:6      | Found an opulent altar of Gozag.
  4269 | D:6      | Wingboner: Да.
  4296 | D:6      | Reached skill level 5 in Axes
  4313 | D:6      | Reached XP level 8. HP: 28/73 MP: 10/10
  4499 | D:6      | Reached ** piety under Makhleb
  4642 | D:7      | namelastname112: сеточки
  4643 | D:7      | namelastname112: и иголочки
  4659 | D:7      | namelastname112: лучшие предметы в игре
  4665 | D:7      | Reached skill level 5 in Fighting
  4810 | D:7      | oplop: топоров чет не завозят
  4904 | D:7      | Reached skill level 5 in Dodging
  4921 | D:7      | Reached skill level 5 in Invocations
  5164 | D:7      | Wingboner: Так рано.
  5396 | D:8      | Wingboner: Ты сам-то хочешь, чтоб на этом уровне бродила всякая ересь с большими топорами?
  5396 | D:8      | Gained mutation: You passively map the area around you. [Deep Dwarf growth]
  5396 | D:8      | Reached XP level 9. HP: 72/81 MP: 11/13
  5398 | D:8      | oplop: хз
  5398 | D:8      | oplop: у меня жопа прочная
  5398 | D:8      | oplop: а топор нужен
  5409 | D:8      | Found a shimmering altar of Xom.
  5422 | D:8      | Wingboner: Так то за этого чара.
  5459 | D:8      | Found Saffor's Antique Armour Emporium.
  5513 | D:8      | oplop: мммм
  5513 | D:8      | oplop: !rng hat helm
  5513 | D:8      | beem: The RNG chooses: hat.
  5513 | D:8      | Bought a shimmering hat for 207 gold pieces
  5523 | D:8      | Identified the +0 hat of the Prince {rElec Stlth+} (You bought it in a shop on level 8 of the Dungeon)
  5523 | D:8      | namelastname112: !rng hat helm xom
  5523 | D:8      | beem: The RNG chooses: xom.
  5523 | D:8      | Wingboner: !cmd rng
  5523 | D:8      | beem: Built-in: !rng => https://github.com/crawl/sequell/blob/master/commands/rng.pl
  5523 | D:8      | namelastname112: не понимал никогда
  5523 | D:8      | namelastname112: почему рнг всегда ксома выбирает
  5523 | D:8      | namelastname112: зачем это сделали
  5523 | D:8      | Wingboner: sub random_choice { # {{{ # [ds] Xom IS the RNG! die "Nothing to choose from.\n" unless @_; my @xoms = grep(/xom/i, @_); @xoms ? $xoms[int rand @xoms] : $_[int rand @_] } # }}}
  5523 | D:8      | Wingboner: >Xom IS the RNG
  5523 | D:8      | oplop: !rng poebatsa xom
  5523 | D:8      | beem: The RNG chooses: xom.
  5575 | D:8      | Wingboner: >Xom IS the poebatsa
  5688 | D:8      | Reached *** piety under Makhleb
  5695 | D:8      | Found a blossoming altar of Fedhas.
  5813 | D:8      | oplop: помоему дд хлеба легче чем мифи
  5904 | D:9      | Found Gaxiesom's Armour Shoppe.
  5917 | D:9      | Found a shimmering altar of Xom.
  5959 | D:9      | Found a staircase to the Lair.
  5966 | D:9      | namelastname112: может потому что шейвинг
  5977 | D:9      | namelastname112: и палка
  5977 | D:9      | oplop: ну да
  5977 | D:9      | namelastname112: и апты
  5977 | D:9      | Wingboner: Кагбе это не новости.
  5977 | D:9      | Wingboner: Это и есть самое простое комбо.
  5977 | D:9      | oplop: я прост за дд не играл раньше
  6058 | D:9      | Found a shimmering altar of Xom.
  6058 | D:9      | Found a shimmering altar of Xom.
  6058 | D:9      | Found a shimmering altar of Xom.
  6059 | D:9      | Found a shimmering altar of Xom.
  6097 | D:9      | Wingboner: DDFi^Makh
  6261 | D:9      | oplop: откуда огр высрался?
  6261 | D:9      | oplop: ood?
  6261 | D:9      | oplop: без сообщения
  6270 | D:9      | Reached XP level 10. HP: 56/92 MP: 14/14
  6365 | D:9      | Found a shattered altar of Ashenzari.
  6485 | D:10     | Entered Level 10 of the Dungeon
  6536 | D:8      | oplop: !rng helm nah
  6536 | D:8      | beem: The RNG chooses: helm.
  6536 | D:8      | Bought a heavily runed helmet for 218 gold pieces
  6546 | D:8      | Identified the +0 helmet of Annevin {Str+4} (You bought it in a shop on level 8 of the Dungeon)
  6640 | D:10     | Reached **** piety under Makhleb
  6670 | D:10     | namelastname112: надел бы
  6670 | D:10     | namelastname112: спамил бы демонами
  6670 | D:10     | oplop: зачем?
  6670 | D:10     | namelastname112: как ебанутый
  6670 | D:10     | oplop: да ну
  6670 | D:10     | oplop: мне рефлект больше нравится
  6675 | D:10     | oplop: вон видишь
  6675 | D:10     | namelastname112: а может быть
  6675 | D:10     | namelastname112: ХАРИ
  6675 | D:10     | oplop: идешь к кентавру
  6675 | D:10     | namelastname112: харм*
  6675 | D:10     | namelastname112: или
  6675 | D:10     | namelastname112: ДИСМИССАЛ
  6675 | D:10     | oplop: а он подыхает пока идешь
  6773 | D:10     | namelastname112: было клево когда у меня амуль рефлекта был
  6794 | D:10     | namelastname112: и лардж шилд
  6805 | D:10     | namelastname112: рефлекта
  6806 | D:10     | oplop: ГОНГ
  6806 | D:10     | oplop: вообще тема будет
  6878 | D:10     | namelastname112: варлокс миррор
  6903 | D:10     | namelastname112: мой любимый щит
  6905 | D:10     | oplop: ну он помоему перекрывает амулет
  6985 | D:10     | namelastname112: какие там щиты вообще анрандартные есть
  7118 | D:10     | namelastname112: гонг, резистанс, игноранс и миррор
  7118 | D:10     | namelastname112: все?
  7118 | D:10     | oplop: вроде да
  7520 | D:11     | oplop: ммм
  7520 | D:11     | oplop: а от инвоков хил зависит?
  7520 | D:11     | Wingboner: У меня был рандартный +10 в турнире.
  7520 | D:11     | Wingboner: Большой.
  7520 | D:11     | Wingboner: Нет.
  7524 | D:11     | Noticed a four-headed hydra
  7529 | D:11     | oplop: ой
  7529 | D:11     | oplop: че то я не то делаю
  7580 | D:11     | namelastname112: бля
  7585 | D:11     | namelastname112: чет кости болят
  7612 | D:11     | namelastname112: пиздец
  7614 | D:11     | namelastname112: я ж еще не такой старый
  7614 | D:11     | oplop: ты там помирать чтоль собрася
  7730 | D:11     | namelastname112: ну пока нет
  7730 | D:11     | namelastname112: потом
  7730 | D:11     | namelastname112: завтра может
  7731 | D:11     | Noticed Erolcha
  7736 | D:11     | oplop: сука пиздец
  7736 | D:11     | oplop: гидра, элорча
  7839 | D:12     | namelastname112: я чет эролчу вообще как проблему не расцениваю
  7846 | D:12     | Wingboner: Я только что Эролчу выпилил, как раз на д12.
  7861 | D:12     | Noticed a death knight
  7861 | D:12     | Noticed a skeletal warrior
  7861 | D:12     | Noticed a phantasmal warrior
  7862 | D:12     | namelastname112: иногда за это опиздюдиваюсь
  7862 | D:12     | oplop: яебал
  7862 | D:12     | namelastname112: ммм
  7862 | D:12     | namelastname112: вот вопрос
  7862 | D:12     | oplop: хорошая дверка
  7862 | D:12     | namelastname112: кто придумал
  7863 | D:12     | namelastname112: ставить сюда такие банды
  7878 | D:12     | Wingboner: Ну мне она реально почти ничего толком сделать не могла: резисты есть, топор есть.
  7882 | D:12     | namelastname112: д12 это не место для дез найта
  7882 | D:12     | oplop: у тебя хоть топор есть
  7892 | D:12     | Noticed a manticore
  7898 | D:12     | Killed a manticore
  7916 | D:12     | Wingboner: Ну, рыцарь не сильнее старой пачки скелетов-воинов.
  7916 | D:12     | oplop: их нерфили чтоле
  7916 | D:12     | Wingboner: Рыцарей да.
  7946 | D:12     | Wingboner: А воины просто теперь реже спаунятся.
  7981 | D:12     | Wingboner: Вместо них рыцарь.
  8110 | D:12     | Identified a scroll of acquirement
  8110 | D:12     | oplop: аквар
  8110 | D:12     | oplop: оружку надо
  8110 | D:12     | oplop: правда ща даггер даст
  8113 | D:12     | Wingboner: Антигидрин.
  8113 | D:12     | oplop: онунихуя
  8195 | D:13     | Reached XP level 11. HP: 70/100 MP: 15/15
  8223 | D:13     | Noticed a hill giant
  8232 | D:13     | Killed a hill giant
  8233 | D:13     | Noticed a hill giant
  8246 | D:13     | Killed a hill giant
  8268 | D:13     | oplop: нифига себе отхилило
  8268 | D:13     | Wingboner: !log herpmino place=d:13
  8269 | D:13     | beem: 8. herpmino, XL12 VSGl, T:10319: http://crawl.xtahua.com/crawl/morgue/herpmino/morgue-herpmino-20160519-014411.txt
  8367 | D:13     | Killed an unseen horror
  8456 | D:14     | HP: 3/100 [gargoyle/stone arrow (17)]
  8536 | D:14     | Noticed a centaur warrior
  8547 | D:14     | Killed a centaur warrior
  8547 | D:14     | Reached skill level 10 in Invocations
  8548 | D:14     | Reached ***** piety under Makhleb
  8552 | D:14     | Reached skill level 10 in Shields
  8580 | D:14     | Found a frozen archway.
  8581 | D:14     | Killed from afar by an ice statue

Skill      XL: |  1  2  3  4  5  6  7  8  9 10 11 |
---------------+----------------------------------+-----
Fighting       | 3 4 5 6 7 |  7.8
Dodging        | 1 2 3 4 5 6 8 |  8.8
Shields        | 4 5 7 8 9 10 | 10.0
Axes           | 3 4 5 6 7 8 9 |  9.5
Invocations    | 1 3 5 7 9 10 | 10.0
Armour         | 4 |  4.2

Action                   |  1- 3 |  4- 6 |  7- 9 | 10-12 || total
-------------------------+-------+-------+-------+-------++-------
Melee: War axe           |   114 |   224 |   382 |   388 ||  1108
Invok: Lesser Servant of |       |       |     2 |     5 ||     7
       Minor Destruction |       |       |       |    16 ||    16
 Abil: Device Recharging |       |       |     1 |     1 ||     2
Evoke: Wand              |       |     5 |     8 |     7 ||    20
  Use: Scroll            |       |     8 |       |     8 ||    16
 Stab: Paralysed         |       |       |     4 |       ||     4
       Distracted        |       |       |     2 |     3 ||     5
       Sleeping          |       |       |       |     1 ||     1
  Eat: Chunk             |     1 |     7 |    11 |     7 ||    26
       Beef jerky        |       |       |       |     1 ||     1
Armor: Scale mail        |    50 |    86 |   145 |   134 ||   415
Dodge: Dodged            |    33 |    64 |   160 |   208 ||   465
Block: Shield            |    62 |   131 |   333 |   314 ||   840
       Reflection        |       |     5 |    10 |    20 ||    35
